AoeStats
← 1791912749

Arena

505458154Analyzed
2v2 RM · 22d ago on Sep 9, 2026· 78m 11s· 4 players
Game mode
Random Map
Map size
Medium (4 player)
Population
200
Speed
Normal
Resources
Standard
Victory
Conquest
Starting age
Dark Age
Ending age
Imperial Age
RankedLock teamsTeams togetherTeam positionsShared explorationLock speedFull tech treeHidden civsTurbo modeCheats
Victory
Defeat
🇮🇹 Italians · Italy
957
+14
🇨🇳 Koreans · China
915
+33
🇨🇳 Mapuche · China
941
-16
🇨🇳 Wu · China
864
-13
avvo90
10:03 Feudal Age
10:30 Double-Bit Axe
10:27 Horse Collar
17:44 Castle Age
15:30 Man-at-Arms
19:38 Stone Mining
19:51 Elite Skirmisher
20:42 Heavy Plow
22:48 Gold Mining
22:55 Fletching
23:21 Bow Saw
27:50 Wheelbarrow
30:08 Ballistics
32:20 Imperial Age
31:49 Padded Archer Armor
34:05 Chemistry
33:33 Conscription
35:09 Thumb Ring
36:05 Bodkin Arrow
36:26 Leather Archer Armor
37:34 Two-Man Saw
40:40 Elite Genoese Crossbowman
48:05 Pirotechnia
48:28 Bracer
48:41 Forging
52:16 Murder Holes
52:33 Fortified Wall
58:53 Ring Archer Armor
58:38 Caravan
59:53 Light Cavalry
60:45 Bloodlines
60:43 Husbandry
61:01 Scale Barding Armor
61:40 Hussar
1791912749
11:14 Loom
13:20 Feudal Age
14:41 Wheelbarrow
13:49 Horse Collar
13:56 Double-Bit Axe
16:27 Gold Mining
16:27 Stone Mining
19:51 Castle Age
21:02 Hand Cart
23:00 Bow Saw
24:28 Stone Shaft Mining
25:11 Heavy Plow
26:38 Gold Shaft Mining
27:52 Squires
27:38 Gambesons
30:18 Ballistics
29:48 Heated Shot
29:55 Murder Holes
30:04 Herbal Medicine
30:26 Scale Mail Armor
30:37 Forging
30:35 Scale Barding Armor
30:21 Fletching
30:51 Arson
31:00 Town Watch
32:03 Town Patrol
32:26 Eupseong
33:10 Chain Mail Armor
33:30 Iron Casting
36:58 Imperial Age
37:02 Elite War Wagon
38:05 Conscription
38:08 Shinkichon
38:53 Chemistry
37:59 Bodkin Arrow
39:41 Plate Mail Armor
39:24 Elite Fire Lancer
40:53 Arrowslits
41:14 Siege Engineers
40:50 Treadmill Crane
41:46 Bracer
42:06 Chain Barding Armor
48:31 Two-Man Saw
47:41 Light Cavalry
48:21 Husbandry
50:14 Heavy Rocket Cart
57:43 Coinage
57:13 Caravan
73:26 Banking
73:12 Guilds
西门
10:11 Feudal Age
10:39 Double-Bit Axe
10:37 Horse Collar
18:07 Castle Age
16:11 Stone Mining
16:15 Gold Mining
19:00 Bloodlines
19:07 Bow Saw
19:02 Heavy Plow
21:32 Husbandry
23:56 Gold Shaft Mining
24:15 Stone Shaft Mining
29:37 Imperial Age
28:30 Wheelbarrow
27:47 Town Watch
28:28 Fletching
28:39 Padded Archer Armor
31:28 Two-Man Saw
30:29 Bodkin Arrow
31:26 Conscription
30:51 Heavy Hei Guang Cavalry
32:28 Leather Archer Armor
33:25 Ballistics
33:15 Masonry
34:55 Red Cliffs Tactics
35:27 Elite Fire Archer
37:12 Hand Cart
37:16 Scale Barding Armor
37:22 Forging
37:56 Loom
38:14 Squires
38:21 Bracer
40:48 Sitting Tiger
42:22 Town Patrol
43:27 Chemistry
42:58 Architecture
44:20 Iron Casting
47:04 Pikeman
55:57 Elite Skirmisher
72:36 Light Cavalry
1277765061
10:26 Feudal Age
10:57 Double-Bit Axe
11:25 Horse Collar
15:11 Castle Age
16:09 Bow Saw
19:07 Heavy Plow
22:11 Wheelbarrow
28:14 Loom
28:45 Gold Mining
28:52 Stone Mining
32:28 Imperial Age
30:15 Hand Cart
30:57 Fletching
31:07 Padded Archer Armor
33:19 Gold Shaft Mining
32:45 Bodkin Arrow
33:06 Leather Archer Armor
33:15 Ballistics
32:52 Murder Holes
33:07 Masonry
33:45 Crop Rotation
32:59 Elite Bolas Rider
35:23 Ring Archer Armor
37:03 Chemistry
35:46 Treadmill Crane
37:17 Malon
37:30 Butalmapu
39:08 Forging
41:01 Iron Casting
40:29 Scale Mail Armor
42:15 Champi Runner
42:41 Arson
43:15 Chain Mail Armor
44:01 Blast Furnace
43:06 Champi Warrior
45:58 Elite Champi Warrior
50:25 Plate Mail Armor
51:42 Capped Ram
54:30 Elite Skirmisher
60:42 Caravan
62:44 Stone Shaft Mining
67:31 Hoardings
Connection lost

Rejoining the realm…

Still unreachable

The connection could not be restored.

Session expired

The server has moved on; the page needs a fresh start.